 Dungeon Crawl Stone Soup version 0.28-a0-1493-g08698888e4 (webtiles) character file.

Game seed: 3698724575457393401

45 cheechan the Chopper (level 3, -4/34 HPs)
             Began as a Naga Chaos Knight on Jan 12, 2022.
             Was a Plaything of Xom.
             Slain by a gnoll (9 damage)
             ... on level 2 of the Dungeon.
             The game lasted 00:05:53 (1411 turns).

cheechan the Chopper (Naga Chaos Knight)            Turns: 1411, Time: 00:05:54

Health: -4/34      AC: 10    Str: 16    XL:     3   Next: 64%
Magic:  3/3        EV:  7    Int: 12    God:    Xom [..*...]
Gold:   91         SH:  3    Dex: 10    Spells: 2/2 levels left

rFire   . . .      SeeInvis +   a - +1 hand axe (chaos)
rCold   . . .      Faith    .   i - +0 buckler
rNeg    . . .      Spirit   .   b - +2 leather armour
rPois   +          Reflect  .   (no helmet)
rElec   .          Harm     .   (no cloak)
rCorr   .          Rampage  .   d - +0 pair of gloves
Will    .....                   e - +0 barding
Stlth   +.........              (no amulet)
HPRegen 0.11/turn               (no ring)
MPRegen 0.08/turn               (no ring)

@: very slow
A: AC +1, large, see invisible, deformed body, poison resistance, slowness 2,
spit poison 1, naga tail 1
a: Spit Poison, Renounce Religion


You were on level 2 of the Dungeon.
You worshipped Xom.
You were a toy of Xom.
You visited 1 branch of the dungeon, and saw 3 of its levels.

You collected 91 gold pieces.

Inventory:

Hand Weapons
 a - a +1 hand axe of chaos (weapon)
Missiles
 g - 16 arrows
 m - 21 stones
Armour
 b - a +2 leather armour (worn)
 d - a +0 pair of gloves (worn)
 e - a +0 barding (worn)
 i - a +0 buckler (worn)
Potions
 c - 2 potions of curing {unknown}
 f - a potion of heal wounds {unknown}
 h - a potion of brilliance {unknown}
 j - a potion of haste {unknown}
 k - a potion of resistance {unknown}
 l - 2 potions of flight {unknown}
 n - 2 potions of lignification {unknown}


   Skills:
 + Level 3.5 Fighting
 + Level 3.6 Axes
 + Level 2.0 Armour
 + Level 1.1 Dodging
 + Level 0.2 Stealth


You had 2 spell levels left.
You didn't know any spells.
Your spell library was empty.

Dungeon Overview and Level Annotations

Branches:
Dungeon (3/15)

Altars:


Innate Abilities, Weirdness & Mutations

Your serpentine skin is tough. (AC +1)
You have supernaturally acute eyesight. (SInv)
Armour fits poorly on your strangely shaped body.
Your system is resistant to poisons. (rPois)
You cover ground very slowly.
You can spit poison.
You have a snake-like lower body.


Message History

The orc hits you but does no damage. The orc wizard barely misses you.
You hit the orc wizard.
You kill the orc wizard!
You hit the orc.
The orc is poisoned.
A ball python comes into view.
You block the orc's attack.
Your Armour skill increases to level 2!
You have reached level 3!
Your experience leads to an increase in your attributes!
Increase (S)trength, (I)ntelligence, or (D)exterity?
You feel stronger. x2; Your skin feels tougher.
You hit the orc but do no damage.
The orc looks as sick as possible!
The orc is heavily wounded.
You have got your breath back.
The orc hits you with a +0 mace.
You slash the orc! You burn the orc.
You kill the orc! 3 gnolls come into view.
The gnoll shouts! x3
The gnoll hits you with a +0 halberd.
There is a stone staircase leading up, spattered with blood here.
Items here: )) [ ††.
You hit the gnoll.
The gnoll is poisoned.
The gnoll is lightly wounded.
You closely miss the gnoll.
The gnoll is lightly wounded.
The gnoll closely misses you.
The gnoll hits you from afar with a +0 halberd.
The gnoll hits you with a +0 halberd.
* * * LOW HITPOINT WARNING * * *
The gnoll closely misses you.
The gnoll hits you from afar with a +0 halberd.
* * * LOW HITPOINT WARNING * * *
The gnoll hits you but does no damage.
You climb upwards.
There is a stone staircase leading down here.
You hit the gnoll. Lightning courses through the gnoll!
You kill the gnoll!
You hit the gnoll. The gnoll hits you with a +0 flail!
You die...

#####....##....#..##.....P.PP♣≈
####....#..........##...P♣≈
####...##..##.#.##..≈PP♣
#...##..##.#....≈P≈♣≈
#..............P.≈≈≈≈
######...##.....P.≈≈≈≈♣≈≈≈
########............#.≈P≈≈≈≈≈≈♣≈P
......##.#......g.....≈≈≈♣≈≈≈≈PP≈
#####.##.#......@..###P≈PP≈≈P≈≈.#
#.......#..)##.###..#######.#
####........##......# #.#
#.##.#...#####...# #.. #...<..###
#...# ### ########.##.#[#
#####...# ####
.........##...###...#...######...
....................#............
...#######+#######..............#


You could see a gnoll.

Vanquished Creatures
  An orc wizard (D:3)
  A gnoll (D:2)
  A dart slug (D:2)
  2 orcs (D:3)
  3 bats
  2 endoplasms (D:2)
  A hobgoblin (D:2)
  A kobold (D:1)
  2 quokkas (D:1)
  2 frilled lizards
  A rat (D:1)
17 creatures vanquished.

Vanquished Creatures (others)
  14 plants (D:2)
14 creatures vanquished.

Grand Total: 31 creatures vanquished

Notes
Turn   | Place    | Note
-------+----------+-------------------------------------------
     0 | D:1      | cheechan the Naga Chaos Knight began the quest for the Orb.
     0 | D:1      | Reached XP level 1. HP: 21/21 MP: 1/1
   228 | D:1      | XOM: silly message
   374 | D:1      | XOM: 5-stop teleportation journey
   444 | D:1      | XOM: noise
   468 | D:1      | Reached XP level 2. HP: 25/28 MP: 2/2
   591 | D:1      | XOM: god gift: purple potion {god gift}
   833 | D:2      | Reached skill level 1 in Dodging
   839 | D:2      | XOM: 6-stop teleportation journey
  1225 | D:2      | XOM: divination: detect items
  1404 | D:3      | Reached XP level 3. HP: 26/34 MP: 3/3
  1411 | D:2      | Slain by a gnoll

Illustrated notes

Levels and vault maps discovered:
D:1:      heliophobic_arrival_battle_scene, layout_loops_ring
D:2:      layout_loops_cross, minmay_door_square, serial_bayou_lagoon_a,
          grunt_ministairs_9, minmay_misc_feat_plants
D:3:      layout_rooms, grunt_temple_overflow_magic_moments,
          nicolae_overflow_crystal_walls, nicolae_qazlal_general_emergency,
          grunt_decor_fettered

Skill      XL: |  1  2 |
---------------+-------+-----
Dodging        | 1 |  1.1
Armour         | 2 |  2.0
Fighting       | |  3.5
Axes           | |  3.6
Stealth        | |  0.2

Action                   || total
-------------------------++-------
Melee: Hand axe          ||    24
 Abil: Spit Poison       ||    11
  Use: Scroll            ||     3
Armor: Leather armour    ||    25
Dodge: Dodged            ||    20
Block: Buckler           ||     1

Table legend: (Time is in decaauts)
 A = Elapsed time spent in this place.
 B = Non-inter-level travel time spent in this place.
 C = Inter-level travel time spent in this place.
 D = Time resting spent in this place.
 E = Time spent auto-exploring this place.
 F = Levels seen in this place.
 G = Mean time per level.
                   A        B        C        D        E       F      G
               +--------+--------+--------+--------+--------+-----+--------+
         Total |   1950 |   1950 |      0 |      0 |      0 |   3 |  650.0 |
       Dungeon |   1950 |   1950 |      0 |      0 |      0 |   3 |  650.0 |
               +--------+--------+--------+--------+--------+-----+--------+

Top non-repeatable levels by time:
     D:1: 1014 daAuts
     D:2: 915 daAuts
     D:3: 20 daAuts
